Map: Catalyst LE

Players

Isszul - Winner!

  • Race: Zerg Zerg
  • Spawn Location: 11:00

Valentin

  • Race: Terran Terran
  • League: Master
  • Spawn Location: 5:00

VOD

Have the link to the VOD?

Description

Time

  • Played on: April 3, 2018, 8:10 a.m.
  • Length: 15:55
Show
View Real Time Build Order
Export as new Build Order

Isszul Zerg - Winner!

Build Orders: Hatch First 

Get SALT Encoding   

  12  0:00  Drone  
  13  0:13  Overlord  
  13  0:19  Drone  
  14  0:31  Drone x2  
  14  0:35  Drone  
  17  0:53  Hatchery  
  17  0:55  Drone  
  17  0:59  Drone  
  18  1:09  Extractor  
  17  1:14  Spawning Pool  
  17  1:18  Drone  
  17  1:21  Drone  
  18  1:28  Drone  
  19  1:39  Overlord  
  19  1:50  Drone  
  20  2:00  Drone  
  21  2:01  Queen  
  21  2:05  Zergling x2, Queen  
  26  2:11  Zergling x2  
  27  2:15  Drone  
  27  2:22  Metabolic Boost  
  28  2:23  Drone  
  29  2:32  Overlord  
  29  2:33  Drone  
  30  2:43  Drone  
  31  2:48  Drone x2  
  33  2:54  Drone  
  34  3:01  Overlord, Hatchery  
  34  3:05  Drone  
  34  3:09  Drone  
  35  3:17  Drone x3, Queen  
  35  3:19  Queen  
  42  3:25  Overlord  
  42  3:26  Drone  
  43  3:30  Drone x2  
  45  3:37  Zergling x2  
  45  3:39  Zergling x2  
  45  3:40  Drone  
  48  3:43  Extractor  
  48  3:48  Drone x2  
  48  3:53  Queen  
  48  3:54  Queen  
  53  3:56  Roach Warren  
  53  4:02  Zergling x6  
  55  4:03  Zergling x2  
  55  4:06  Spore Crawler  
  55  4:11  Overlord  
  55  4:12  Overlord  
  55  4:13  Drone  
  55  4:15  Drone  
  57  4:21  Evolution Chamber  
  57  4:22  Extractor  
  57  4:24  Spore Crawler  
  54  4:26  Drone x3  
  54  4:29  Drone  
  58  4:33  Drone x2  
  58  4:37  Drone  
  58  4:38  Drone x3  
  64  4:44  Drone x2  
  66  4:49  Drone x2  
  68  4:53  Drone  
  68  4:57  Drone x4  
  68  4:59  Drone  
  74  5:05  Overlord x2  
  74  5:06  Overlord  
  74  5:12  Lair  
  74  5:16  Spore Crawler  
  74  5:19  Drone  
  74  5:24  Overlord x3  
  74  5:27  Zerg Missile Weapons Level 1  
  74  5:32  Drone  
  74  5:33  Drone x2  
  74  5:34  Evolution Chamber, Drone  
  77  5:36  Zergling x4  
  77  5:42  Queen x2  
  80  5:50  Roach x2  
  82  6:07  Roach x5  
  82  6:08  Roach x5  
  102  6:13  Roach x2  
  102  6:17  Queen  
  108  6:27  Hydralisk Den  
  107  6:35  Overlord x2  
  107  6:46  Extractor  
  106  6:49  Glial Reconstitution, Hatchery  
  106  6:51  Hydralisk Den  
  106  6:52  Queen  
  106  7:07  Spore Crawler  
  103  7:21  Zerg Ground Armor Level 1  
  101  7:24  Ravager  
  98  7:30  Overseer  
  94  7:43  Ravager x3  
  94  7:44  Ravager x2  
  99  7:46  Zergling x24  
  99  7:47  Zergling x18  
  120  7:56  Extractor  
  120  7:57  Extractor  
  118  8:08  Hatchery  
  118  8:09  Hatchery  
  118  8:10  Drone x3  
  118  8:11  Drone x3  
  118  8:12  Drone  
  123  8:22  Roach x2  
  123  8:23  Overlord  
  123  8:24  Overlord x6  
  127  8:52  Drone x7  
  134  9:11  Roach x5  
  128  10:01  Hydralisk x5  
  128  10:02  Hydralisk x7  
  128  10:03  Hydralisk x7  
  166  10:13  Infestation Pit, Muscular Augments  
  161  10:14  Grooved Spines  
  161  10:15  Zerg Missile Weapons Level 2  
  150  10:36  Hydralisk x6  
  127  10:56  Hydralisk x2  
  127  10:57  Hydralisk x3  
  123  11:03  Zergling x52  
  157  11:07  Queen  
  157  11:09  Extractor  
  152  11:29  Zergling x30  
  152  11:30  Zergling x10  
  141  11:36  Zergling x2  
  141  11:37  Zergling x4  
  109  11:41  Zergling x8  
  109  11:43  Overseer x4  
  109  11:50  Zergling x10  
  96  12:03  Roach  
  96  12:04  Roach x7  
  96  12:05  Roach x6  
  96  12:08  Zergling x2  
  105  12:19  Roach x2  
  105  12:20  Roach x4  
  105  12:22  Hydralisk x2  
  111  12:26  Ravager  
  111  12:28  Queen  
  111  12:29  Drone x3  
  121  12:41  Hive  
  121  12:42  Zerg Melee Weapons Level 1  
  121  12:48  Drone x12  
  133  12:53  Extractor  
  133  12:56  Extractor  
  132  13:05  Ravager  
  132  13:06  Ravager x4  
  132  13:07  Ravager  
  132  13:08  Zergling x22  
  132  13:09  Zergling x14  
  155  13:21  Spore Crawler  
  155  13:23  Ravager x3, Spine Crawler  
  156  13:28  Zergling x28  
  159  13:41  Hydralisk x5  
  159  13:47  Roach x4  
  159  13:55  Roach x2  
  159  13:56  Roach x3  
  159  14:06  Hydralisk  
  159  14:16  Overlord  
  159  14:17  Overlord x4  
  159  14:34  Hydralisk  
  159  14:35  Overlord x2  
Show
View Real Time Build Order
Export as new Build Order

Valentin Terran 

Build Orders: Hellion Opening, Reaper Expand 

Get SALT Encoding   

  12  0:04  SCV  
  13  0:16  SCV  
  14  0:27  Supply Depot  
  14  0:29  SCV  
  14  0:34  Refinery  
  15  0:48  SCV  
  15  0:49  Barracks  
  16  1:01  SCV  
  17  1:13  SCV  
  18  1:25  SCV  
  19  1:36  Reaper  
  19  1:37  Orbital Command  
  20  1:47  Command Center  
  20  2:00  Factory  
  20  2:04  SCV  
  21  2:12  Supply Depot, Barracks Reactor  
  21  2:16  SCV  
  22  2:25  Refinery  
  22  2:28  SCV  
  23  2:40  SCV  
  24  2:52  SCV  
  24  2:57  Ghost Academy  
  25  3:01  Hellion x2  
  25  3:03  Barracks Tech Lab  
  25  3:04  SCV, Orbital Command  
  30  3:16  SCV  
  31  3:22  Hellion  
  31  3:24  Supply Depot  
  31  3:26  Hellion  
  35  3:28  SCV  
  36  3:35  Ghost  
  36  3:39  Personal Cloaking  
  38  3:51  Hellion x2  
  38  3:52  Concussive Shells  
  42  3:56  Supply Depot  
  42  4:02  SCV  
  43  4:04  Supply Depot  
  43  4:07  SCV  
  44  4:13  Hellion  
  44  4:15  Hellion  
  48  4:22  Armory  
  48  4:23  SCV  
  49  4:27  Supply Depot  
  49  4:34  Hellion  
  49  4:37  Hellion  
  53  4:39  Ghost  
  55  4:56  Hellion  
  55  4:57  SCV  
  55  4:58  Hellion  
  60  5:00  SCV  
  60  5:02  Refinery  
  61  5:12  Terran Vehicle Weapons Level 1  
  61  5:17  Hellion  
  61  5:18  Ghost  
  61  5:19  Hellion  
  67  5:23  SCV  
  67  5:25  Supply Depot  
  68  5:35  Refinery, SCV  
  69  5:47  Ghost, Hellion x2, SCV  
  77  5:57  Nuke, SCV  
  77  5:59  SCV  
  78  6:05  Starport  
  78  6:10  Supply Depot  
  78  6:11  SCV  
  78  6:12  Hellion x2  
  83  6:23  SCV  
  84  6:34  Ghost, SCV  
  84  6:36  Hellion x2  
  84  6:37  SCV  
  92  6:43  Factory  
  92  6:50  SCV  
  93  6:58  Medivac  
  93  6:59  Hellion x2  
  99  7:02  Command Center  
  88  7:18  Ghost, SCV  
  88  7:20  Terran Vehicle Weapons Level 2  
  88  7:22  Hellion x2  
  61  7:44  Hellion x2  
  61  7:45  Cyclone  
  61  7:47  Medivac  
  61  7:48  SCV  
  71  7:56  Ghost  
  73  8:02  Barracks  
  73  8:07  Factory, SCV  
  73  8:09  Hellion x2  
  78  8:14  Orbital Command  
  78  8:19  Medivac, Factory  
  80  8:21  Cyclone  
  80  8:24  Supply Depot, Ghost  
  85  8:30  Hellion x2  
  89  8:47  SCV  
  90  8:51  Hellion x2  
  90  8:53  Ghost  
  94  9:04  Cyclone x2  
  94  9:06  Cyclone  
  94  9:08  Medivac  
  105  9:13  Hellion x2  
  109  9:23  Nuke  
  109  9:25  Barracks Tech Lab  
  107  9:36  Hellion x2  
  107  9:37  Cyclone x2  
  115  9:39  Orbital Command  
  115  9:41  Supply Depot  
  115  9:49  Ghost  
  115  9:51  Hellion  
  119  9:59  Hellion x2  
  121  10:00  Ghost  
  124  10:07  SCV  
  124  10:09  Medivac  
  126  10:19  Hellion x2, SCV  
  126  10:20  Hellion  
  126  10:21  Hellion x2  
  137  10:25  Supply Depot  
  115  10:40  Orbital Command  
  115  10:41  Hellion x2, Cyclone  
  115  10:42  Cyclone  
  119  10:44  Hellion  
  120  10:57  SCV  
  120  11:02  Hellion, Cyclone  
  126  11:06  Hellion  
  126  11:07  SCV  
  126  11:09  SCV  
  130  11:13  Hellion  
  130  11:14  Hellion  
  130  11:17  SCV  
  131  11:19  Refinery, SCV  
  131  11:23  Cyclone  
  131  11:25  Refinery  
  121  11:30  Cyclone  
  97  11:34  Hellion x2  
  97  11:36  Hellion  
  87  11:46  SCV  
  88  11:48  SCV  
  89  11:56  Hellion x2  
  89  11:57  Cyclone x2  
  89  11:58  SCV  
  89  12:00  SCV  
  90  12:03  Hellion  
  77  12:13  SCV  
  70  12:17  Hellion x2  
  72  12:24  Hellion  
  72  12:26  SCV  
  72  12:29  Hellion  
  76  12:30  SCV  
  76  12:33  Refinery  
  76  12:37  Refinery, Ghost  
  77  12:40  Ghost  
  77  12:41  Medivac  
  77  12:42  SCV  
  77  12:43  Factory Tech Lab  
  84  12:44  Factory Tech Lab  
  84  12:46  Factory Tech Lab, Hellion  
  84  12:50  Hellion  
  84  12:51  Terran Vehicle And Ship Armor Level 1  
  81  12:52  SCV  
  81  12:54  SCV  
  81  12:57  Engineering Bay  
  74  13:04  SCV  
  73  13:06  Siege Tank  
  73  13:08  Hellion x2  
  73  13:09  Siege Tank  
  83  13:15  Medivac, Supply Depot  
  85  13:22  Command Center, SCV  
  85  13:26  Missile Turret  
  86  13:32  Missile Turret  
Tags
 
Add a new tag
Caveats
  • Supply blocks, unpowered buildings, or Contaminate may cause inaccurate times.
  • Supply counts are checked every 10 seconds.